 Dungeon Crawl Stone Soup version 0.29-a0-319-gad05b8d819 (webtiles) character file.

Game seed: 8241094248689856627

2669 kae the Firebug (level 9, -2/49 (52) HPs)
             Began as a Tengu Fire Elementalist on Apr 1, 2022.
             Was a Believer of Vehumet.
             Slain by a wight
             ... wielding a +0 long sword
              (11 damage)
             ... on level 7 of the Dungeon.
             The game lasted 00:06:16 (8822 turns).

kae the Firebug (Tengu Fire Elementalist)           Turns: 8822, Time: 00:06:16

HP:   -2/49 (52)    AC:  3    Str: 15    XL:     9   Next: 63%
MP:   0/16          EV: 18    Int: 19    God:    Vehumet [**....]
Gold: 408           SH:  6    Dex: 21    Spells: 3/16 levels left

rFire   + . .      SeeInvis .   t - +7 whip of Outrage {elec, Fly Str+6}
rCold   . . .      Faith    .   l - +0 buckler
rNeg    . . .      Spirit   .   a - +1 robe
rPois   .          Reflect  .   (helmet restricted)
rElec   .          Harm     .   (no cloak)
rCorr   .          Rampage  .   (no gloves)
Will    .....                   (boots unavailable)
Stlth   ++........              (no amulet)
HPRegen 0.16/turn               c - +6 ring of dexterity
MPRegen 0.15/turn               u - ring of protection from fire

@: flying quickly and evasively, drained, quick
A: beak, talons 3, nimble flight
a: Renounce Religion


You were on level 7 of the Dungeon.
You worshipped Vehumet.
Vehumet was pleased with you.
You visited 1 branch of the dungeon, and saw 7 of its levels.
You also visited: Sewer.

You collected 408 gold pieces.

Inventory:

Hand Weapons
 p - a +3 spear of flaming
 t - the +7 whip of Outrage (weapon) {elec, Fly Str+6}
   (You found it on level 5 of the Dungeon)

   It occasionally discharges a powerful burst of electricity upon striking a
   foe.
   Str:       It affects your strength (+6).
   Fly:       It grants you flight.
Armour
 a - a +1 robe (worn)
 l - a +0 buckler (worn)
Jewellery
 c - a +6 ring of dexterity (left hand)
 u - a ring of protection from fire (right hand)
 y - a +4 ring of slaying
Wands
 r - a wand of flame (14)
 v - a wand of iceblast (26)
Scrolls
 d - 4 scrolls of amnesia
 f - a scroll of fear
 g - a scroll of holy word
 h - 3 scrolls of teleportation
 m - a scroll of identify
 n - a scroll of magic mapping {unknown}
 x - a scroll of enchant armour
Potions
 b - 2 potions of magic
 e - 5 potions of brilliance
 i - 3 potions of curing
 j - 4 potions of haste
 k - a potion of flight
 o - a potion of attraction
 q - 2 potions of might
 s - 3 potions of mutation
 w - a potion of invisibility {unknown}


   Skills:
 + Level 4.3 Fighting
 + Level 4.7 Armour
 + Level 5.4 Dodging
 - Level 2.0 Stealth
 - Level 4.0 Shields
 + Level 4.4 Spellcasting
 + Level 6.0 Conjurations
 * Level 7.9 Fire Magic


You had 3 spell levels left.
You knew the following spells:

 Your Spells              Type           Power      Damage    Failure   Level
a - Foxfire               Conj/Fire      100%       2x1d9     1%          1
b - Scorch                Fire           68%        2d8       1%          2
c - Conjure Flame         Conj/Fire      30%        6-21      2%          3
d - Inner Flame           Hex/Fire       19%        N/A       10%         3
e - Flame Wave            Conj/Fire      30%        2d8       10%         4

Your spell library contained the following spells:

 Spells                   Type           Power      Damage    Failure   Level
 Searing Ray              Conj           54%        2d6       2%          2
 Animate Skeleton         Necr           8%         N/A       17%         1
 Apportation              Tloc           8%         N/A       17%         1
 Summon Small Mammal      Summ           16%        N/A       17%         1
 Blink                    Tloc           8%         N/A       26%         2
 Ensorcelled Hibernation  Hex/Ice        8%         N/A       26%         2
 Lesser Beckoning         Tloc           4%         N/A       45%         3
 Spider Form              Tmut/Pois      4%         N/A       45%         3
 Anguish                  Hex/Necr       2%         N/A       86%         4
 Manifold Assault         Tloc           4%         N/A       99%         5


Dungeon Overview and Level Annotations

Branches:
Dungeon (7/15)             Temple (0/1) D:5           Sewer (visited)

Altars:
Vehumet

Annotations:
D:4 exclusion: steam dragon


Innate Abilities, Weirdness & Mutations

You have a beak for a mouth.
You have claws for feet.
Your magical nature lets you fly swiftly and evasively.


Message History

You feel drained.
The foxfire hits the wight.
The wight is moderately damaged.
The foxfire hits the wight.
The wight is heavily damaged.
The wight barely misses you.
Casting: Foxfire (safe; 1% risk of failure)
Confirm with . or Enter, or press ? or * to list all spells.
You conjure some foxfire!
The wight closely misses you.
The foxfire hits the wight but does no damage.
The wight is heavily damaged.
The foxfire hits the wight but does no damage.
The wight is heavily damaged.
The wight misses you.
Casting: Foxfire (safe; 1% risk of failure)
Confirm with . or Enter, or press ? or * to list all spells.
You conjure some foxfire!
The wight hits you with a +0 long sword.
You feel drained.
The foxfire hits the wight.
The wight is severely damaged.
The foxfire hits the wight but does no damage.
The wight is severely damaged.
The wight hits you with a +0 long sword!
Casting: Foxfire (safe; 1% risk of failure)
Confirm with . or Enter, or press ? or * to list all spells.
You conjure some foxfire!
The wight hits you with a +0 long sword!
You feel drained.
The foxfire hits the wight.
The wight is almost destroyed.
The foxfire hits the wight.
The wight is almost destroyed.
The wight hits you with a +0 long sword!
* * * LOW HITPOINT WARNING * * *
Casting: Foxfire (safe; 1% risk of failure)
Confirm with . or Enter, or press ? or * to list all spells.
You conjure some foxfire!
The wight hits you with a +0 long sword!
You die...

#..######..(.....#
#..######.######.#
#..##.....#
#..##.#######
#...........#
#.####......+ ..
#......#
####v.....#
#..@v.....#
#.#z###+#... # #)#
.## ... # ##...
###.. .z. ....
...#


You could see a wight (ally target).

Vanquished Creatures
  A gargoyle (D:6)
  Grinder (D:3)
  Sigmund (D:5)
  Menkaure (D:5)
  2 water moccasins
  An orc warrior (D:5)
  2 black bears
  An ogre (D:4)
  A centaur (D:6)
  A kobold brigand (Sewer)
  2 bullfrogs
  2 scorpions (D:5)
  3 wights (D:7)
  4 hounds
  3 jellies
  2 orc priests
  A gnoll shaman (D:5)
  Natasha (thrice) (D:4 D:3)
  2 iguanas (D:5)
  3 orc wizards
  4 adders
  11 gnolls
  4 river rats (Sewer)
  2 shadow imps (D:6)
  An ufetubus (D:6)
  A worm (D:2)
  A dart slug (D:1)
  11 orcs
  A bat (D:1)
  4 endoplasms
  3 giant cockroaches
  5 goblins
  6 hobgoblins
  11 jackals
  4 quokkas
  6 ball pythons
  6 frilled lizards
  19 kobolds
  25 rats
162 creatures vanquished.

Vanquished Creatures (others)
  466 foxfires
466 creatures vanquished.

Grand Total: 628 creatures vanquished

Notes
Turn   | Place    | Note
-------+----------+-------------------------------------------
     0 | D:1      | kae the Tengu Fire Elementalist began the quest for the
                  | Orb.
     0 | D:1      | Reached XP level 1. HP: 10/10 MP: 4/4
   350 | D:1      | Reached XP level 2. HP: 15/15 MP: 3/6
   360 | D:1      | Learned a level 2 spell: Scorch
   537 | D:1      | Found a faded altar of an unknown god.
  1597 | D:2      | Reached XP level 3. HP: 20/20 MP: 4/7
  1599 | D:2      | Learned a level 1 spell: Animate Skeleton
  2458 | D:3      | Reached skill level 4 in Fire Magic
  2819 | D:3      | Reached XP level 4. HP: 24/24 MP: 3/8
  3138 | D:3      | Noticed Grinder
  3139 | D:3      | Killed Grinder
  3140 | D:3      | Reached skill level 1 in Fighting
  3140 | D:3      | Reached skill level 1 in Armour
  3140 | D:3      | Gained mutation: Your magical nature lets you fly swiftly
                  | and evasively. [Tengu growth]
  3140 | D:3      | Reached XP level 5. HP: 29/29 MP: 8/10
  3140 | D:3      | Reached XP level 6. HP: 34/34 MP: 8/11
  3793 | D:4      | Learned a level 3 spell: Conjure Flame
  3797 | D:4      | Learned a level 3 spell: Inner Flame
  3824 | D:4      | Reached skill level 5 in Fire Magic
  3924 | D:4      | Noticed Natasha
  3932 | D:4      | Killed Natasha
  4046 | D:4      | Reached XP level 7. HP: 39/39 MP: 8/12
  4064 | D:4      | Noticed Natasha
  4077 | D:3      | Killed Natasha
  4094 | D:3      | Noticed Natasha
  4103 | D:3      | Killed Natasha
  4751 | D:4      | Noticed a steam dragon
  4850 | D:4      | Found a radiant altar of Vehumet.
  4864 | D:4      | Became a worshipper of Vehumet
  5055 | D:5      | Entered Level 5 of the Dungeon
  5171 | D:5      | Noticed Menkaure
  5189 | D:5      | Killed Menkaure
  5372 | D:5      | Identified the +7 whip of Outrage {elec, Fly Str+6}
  5382 | D:5      | Reached XP level 8. HP: 45/45 MP: 3/13
  5666 | D:5      | Reached skill level 6 in Fire Magic
  5706 | D:5      | Noticed Sigmund
  5734 | D:5      | Learned a level 4 spell: Flame Wave
  5738 | D:5      | Killed Sigmund
  5826 | D:5      | Found a staircase to the Ecumenical Temple.
  6382 | D:6      | Found a glowing drain.
  6468 | Sewer    | Entered a sewer
  6691 | Sewer    | Reached * piety under Vehumet
  6691 | Sewer    | Offered knowledge of Shock by Vehumet.
  6898 | Sewer    | Reached skill level 5 in Conjurations
  6923 | Sewer    | Reached XP level 9. HP: 51/51 MP: 11/15
  6985 | Sewer    | Offered knowledge of Freeze by Vehumet.
  6987 | Sewer    | Reached ** piety under Vehumet
  7325 | D:6      | Reached skill level 7 in Fire Magic
  7374 | D:6      | Noticed a gargoyle
  7397 | D:6      | Killed a gargoyle
  7398 | D:6      | Reached skill level 5 in Dodging
  8030 | D:6      | Offered knowledge of Searing Ray by Vehumet.
  8822 | D:7      | Slain by a wight

Illustrated notes

Levels and vault maps discovered:
D:1:      sevenhm_arrival_forest_fort_large_2, layout_basic,
          basic_ecumenical_altar
D:2:      layout_basic, serial_aquarium, aquarium_bridge_square
          [aquarium_subvault_wall, aquarium_subvault_bridge,
          aquarium_subvault_bridge, aquarium_subvault_wall],
          aquarium_bridge_long_separate [aquarium_subvault_wall,
          aquarium_subvault_bridge, aquarium_subvault_wall,
          aquarium_subvault_wall, aquarium_subvault_bridge,
          aquarium_subvault_bridge], aquarium_window_corner, aquarium_window_1,
          aquarium_window_2, aquarium_view_2e, aquarium_view_2e,
          aquarium_balcony_3b
D:3:      layout_rooms, uniq_grinder
D:4:      layout_cave_pools, vehumet_altar_wand_db, hex_tiny, uniq_natasha
D:5:      layout_rooms, minmay_temple_entry_mist, uniq_menkaure, uniq_sigmund
D:6:      layout_loops_cross, lightli_ossuary_entry_decrepit_ruins,
          portal_sewer_entry_f, kennysheep_donut, minmay_misc_feat_rows
D:7:      layout_basic

Skill      XL: |  1  2  3  4  5  6  7  8  9 |
---------------+----------------------------+-----
Conjurations   | 2 3 5 6 |  6.0
Fire Magic     | 4 5 6 7 |  7.9
Fighting       | 1 2 3 4 |  4.3
Armour         | 1 2 3 4 |  4.7
Dodging        | 3 4 5 |  5.4
Shields        | 2 3 4 |  4.0
Spellcasting   | 3 4 |  4.4
Stealth        | |  2.0

Action                   |  1- 3 |  4- 6 |  7- 9 || total
-------------------------+-------+-------+-------++-------
Melee: Unarmed           |     5 |     5 |       ||    10
       Kick              |     2 |     2 |     5 ||     9
       Peck              |       |     1 |     1 ||     2
       Whip              |       |       |    28 ||    28
 Cast: Foxfire           |    96 |    38 |   148 ||   282
       Scorch            |     5 |     6 |    58 ||    69
       Conjure Flame     |       |       |     6 ||     6
       Inner Flame       |       |       |     1 ||     1
  Use: Scroll            |     6 |     3 |     8 ||    17
       Potion            |       |     1 |     5 ||     6
 Stab: Sleeping          |       |       |     1 ||     1
Armor: Robe              |     3 |     2 |     7 ||    12
       Skin              |       |       |     8 ||     8
Dodge: Dodged            |     9 |     7 |    71 ||    87
Block: Buckler           |     1 |     2 |    27 ||    30

Table legend: (Time is in decaauts)
 A = Elapsed time spent in this place.
 B = Non-inter-level travel time spent in this place.
 C = Inter-level travel time spent in this place.
 D = Time resting spent in this place.
 E = Time spent auto-exploring this place.
 F = Levels seen in this place.
 G = Mean time per level.
                   A        B        C        D        E       F      G
               +--------+--------+--------+--------+--------+-----+--------+
         Total |   8588 |   8333 |    255 |    842 |   6214 |   8 | 1073.5 |
       Dungeon |   7790 |   7535 |    255 |    694 |   5744 |   7 | 1112.9 |
         Sewer |    798 |    798 |      0 |    148 |    469 |   1 |  798.0 |
               +--------+--------+--------+--------+--------+-----+--------+

Top non-repeatable levels by time:
     D:3: 1606 daAuts
     D:2: 1390 daAuts
     D:1: 1303 daAuts
     D:6: 1257 daAuts
     D:5: 1143 daAuts
   Sewer: 798 daAuts
     D:4: 686 daAuts
     D:7: 403 daAuts
